 Dungeon Crawl Stone Soup version 0.27.1-3-gb3d3a73c9e (webtiles) character file.

Game seed: 18079971460621075440

150 Urokeeper the Bolt Thrower (level 5, -6/32 HPs)
             Began as a Kobold Hunter on Oct 14, 2021.
             Splashed by a jelly's acid (8 damage)
             ... on level 3 of the Dungeon.
             The game lasted 00:07:42 (3463 turns).

Urokeeper the Bolt Thrower (Kobold Hunter)          Turns: 3463, Time: 00:07:44

Health: -6/32      AC:  0    Str: 10    XL:     5   Next: 58%
Magic:  5/5        EV: 14    Int: 18    God:
Gold:   212        SH:  0    Dex: 16    Spells: 4/4 levels left

rFire    . . .     SeeInvis .   p - +2 short sword (freeze)
rCold    . . .     Faith    .   (shield restricted)
rNeg     . . .     Spirit   .   c - +0 leather armour
rPois    .         Reflect  .   i - +0 helmet
rElec    .         Harm     .   (no cloak)
rCorr    .         Rampage  .   (no gloves)
Will     .....                  (no boots)
Stlth    +++.......             (no amulet)
HPRegen  0.10/turn              g - +6 ring of intelligence
MPRegen  0.09/turn              (no ring)

@: corroded
A: small, no large weapons, nightstalker 3
a: no special abilities


You were on level 3 of the Dungeon.
You visited 1 branch of the dungeon, and saw 3 of its levels.

You collected 212 gold pieces.

Inventory:

Hand Weapons
 a - a +1 hand crossbow
 b - a +0 short sword
 p - a +2 short sword of freezing (weapon)
Missiles
 d - 16 bolts
 h - 28 poisoned darts (quivered)
Armour
 c - a +0 leather armour (worn)
 i - a +0 helmet (worn)
Jewellery
 g - a +6 ring of intelligence (left hand)
Scrolls
 m - a scroll of teleportation
 n - a scroll of identify
Potions
 e - a potion of cancellation
 f - a potion of brilliance
 j - a potion of berserk rage {unknown}
 k - a potion of might {unknown}
 l - a potion of haste {unknown}
 o - a potion of curing {unknown}


   Skills:
 + Level 3.4 Fighting
 - Level 4.8(5.1) Short Blades
 + Level 1.3(2.3) Long Blades
 - Level 4.8 Crossbows
 - Level 2.4 Dodging
 - Level 1.3 Stealth


You had 4 spell levels left.
You didn't know any spells.
Your spell library was empty.

Dungeon Overview and Level Annotations

Branches:
Dungeon (3/15)

Altars:

Shops:
D:1 *   D:2 *   D:3 =(


Innate Abilities, Weirdness & Mutations

You are small and have problems with some larger weapons.
You are completely attuned to the shadows.


Message History

You have reached level 5!
You feel agile.
The endoplasm quivers.
The endoplasm quivers.
The endoplasm hits you but does no damage.
The jelly quivers.
You hit the jelly. You freeze the jelly.
Your hands burn!
The jelly is moderately wounded.
The jelly barely misses you. The endoplasm closely misses you.
You hit the jelly. You freeze the jelly.
Your hands burn!
The jelly is heavily wounded.
The endoplasm freezes you.
You are frozen.
The jelly closely misses you. The endoplasm freezes you.
You are frozen.
You puncture the jelly! You freeze the jelly.
You kill the jelly!
The endoplasm misses you. The endoplasm freezes you.
You are frozen.
The endoplasm misses you. The endoplasm closely misses you.
The endoplasm closely misses you. The endoplasm closely misses you.
The endoplasm hits you but does no damage.
The jelly quivers. 2 endoplasms come into view.
Found a bat skeleton.
The jelly hits you.
You are splashed with acid!
* * * LOW HITPOINT WARNING * * *
The endoplasm freezes you.
You are frozen.
* * * LOW HITPOINT WARNING * * *
You barely miss the endoplasm. The endoplasm misses you.
The jelly closely misses you. The endoplasm barely misses you.
You hit the endoplasm. You freeze the endoplasm.
The endoplasm is heavily wounded.
The endoplasm hits you but does no damage.
The jelly hits you.
* * * LOW HITPOINT WARNING * * *
The acid corrodes you!
You are splashed with acid!
You die...

########.#########.
##).....## #.
##(####### #.
#(P.PJ. #. #.P.÷..J
#...P... #.÷.....
#.JJP÷.÷ #.J@P..J
########


You could see a jelly and 4 endoplasms.

Vanquished Creatures
  2 jellies (D:3)
  An adder (D:3)
  A worm (D:2)
  2 dart slugs
  2 bats
  10 endoplasms
  3 giant cockroaches
  12 goblins
  5 hobgoblins
  2 jackals (D:2)
  A quokka (D:1)
  4 ball pythons
  3 frilled lizards
  15 kobolds
  5 rats
68 creatures vanquished.

Vanquished Creatures (others)
  6 toadstools (D:3)
6 creatures vanquished.

Grand Total: 74 creatures vanquished

Notes
Turn   | Place    | Note
-------+----------+-------------------------------------------
     0 | D:1      | Urokeeper the Kobold Hunter began the quest for the Orb.
     0 | D:1      | Reached XP level 1. HP: 12/12 MP: 1/1
    31 | D:1      | Reached skill level 1 in Short Blades
   443 | D:1      | Reached XP level 2. HP: 16/17 MP: 2/2
   960 | D:1      | Reached XP level 3. HP: 20/21 MP: 3/3
  1182 | D:1      | Found Plog's General Store.
  1938 | D:2      | Reached XP level 4. HP: 24/27 MP: 4/4
  2448 | D:2      | Found Teimon's Assorted Antiques.
  2837 | D:3      | Found Fogeid Icsea's Jewellery Boutique.
  3039 | D:3      | Found Ucos's Weapon Emporium.
  3452 | D:3      | Reached skill level 1 in Long Blades
  3452 | D:3      | Reached XP level 5. HP: 32/32 MP: 5/5
  3463 | D:3      | Splashed by a jelly's acid

Illustrated notes

Levels and vault maps discovered:
D:1:      roderic_octagonal_star, layout_basic, serial_shops, shop_coins
D:2:      layout_loops_corners, serial_shops, nicolae_shop_overgrown_old_shop,
          grunt_ministairs_9, uniq_robin
D:3:      cheibrodos_fertilizer, layout_loops_ring, serial_shops,
          nicolae_shop_statue_plus, shop, grunt_decor_clamped, dk_noncrumbling_3

Skill      XL: |  1  2  3  4 |
---------------+-------------+-----
Short Blades   | 2 3 4 |  4.8
Fighting       | 3 |  3.4
Long Blades    | 1 |  1.3
Crossbows      | |  4.8
Dodging        | |  2.4
Stealth        | |  1.3

Action                   |  1- 3 |  4- 6 || total
-------------------------+-------+-------++-------
Melee: Short sword       |   107 |    43 ||   150
 Fire: Hand crossbow     |       |    21 ||    21
  Use: Scroll            |       |     3 ||     3
 Stab: Sleeping          |    15 |     9 ||    24
       Distracted        |     2 |       ||     2
Armor: Leather armour    |    12 |     9 ||    21
Dodge: Dodged            |    47 |    23 ||    70
